 Dungeon Crawl Stone Soup version 0.27.0-1-g7a089689b8 (webtiles) character file.

Game seed: 13878487593027208126

29624 bnorton916 the Gelid (level 13, -6/63 HPs)
             Began as a Deep Elf Conjurer on Aug 1, 2021.
             Was a Priest of Sif Muna.
             Mangled by a seven-headed hydra (10 damage)
             ... on level 4 of the Lair of Beasts.
             The game lasted 00:52:55 (25988 turns).

bnorton916 the Gelid (Deep Elf Conjurer)           Turns: 25988, Time: 00:52:55

Health: -6/63      AC: 11    Str:  5    XL:     13   Next: 16%
Magic:  8/27       EV: 14    Int: 31    God:    Sif Muna [***...]
Gold:   235        SH:  0    Dex: 13    Spells: 1/29 levels left

rFire    . . .     SeeInvis +   e - staff of conjuration
rCold    . . .     Faith    .   (no shield)
rNeg     . . .     Spirit   .   M - +0 steam dragon scales
rPois    .         Reflect  .   o - +2 helmet
rElec    .         Harm     .   j - +0 cloak
rCorr    +         Rampage  .   h - +0 pair of gloves
Will     ++...                  B - +0 pair of boots
Stlth    ++........             (no amulet)
HPRegen  0.20/turn              D - ring of willpower
MPRegen  0.20/turn              G - ring "Ymic Met" {rCorr Int+3 SInv}

@: no status effects
A: no striking features
a: Renounce Religion, Channel Magic, Forget Spell


You were on level 4 of the Lair of Beasts.
You worshipped Sif Muna.
Sif Muna was most pleased with you.
You visited 3 branches of the dungeon, and saw 15 of its levels.
You also visited: Bailey.

You collected 893 gold pieces.
You spent 658 gold pieces at shops.

Inventory:

Hand Weapons
 f - a +2 short sword of freezing
Missiles
 u - a curare-tipped dart
 E - 7 silver javelins
Armour
 h - a +0 pair of gloves (worn)
 j - a +0 cloak (worn)
 o - a +2 helmet (worn)
 x - a +0 tower shield
 B - a +0 pair of boots (worn)
 L - a +1 leather armour of cold resistance
 M - +0 steam dragon scales (worn)
Magical Staves
 e - a staff of conjuration (weapon)
Jewellery
 b - a ring of resist corrosion
 p - a ring of protection from cold
 D - a ring of willpower (left hand)
 G - the ring "Ymic Met" (right hand) {rCorr Int+3 SInv}
   (You bought it in a shop on level 7 of the Dungeon)

   [ring of see invisible]

   Int:       It affects your intelligence (+3).
   SInv:      It lets you see invisible.
   rCorr:     It protects you from acid and corrosion.
Wands
 i - a wand of mindburst (10)
 t - a wand of paralysis (1)
 v - a wand of polymorph (8)
 y - a wand of iceblast (9)
Scrolls
 a - a scroll of holy word
 c - a scroll of vulnerability
 k - 6 scrolls of enchant weapon
 l - 2 scrolls of amnesia
 n - 2 scrolls of summoning
 s - 2 scrolls of teleportation
 A - 2 scrolls of blinking
 H - 2 scrolls of fog
Potions
 d - 3 potions of lignification
 g - a potion of might
 m - a potion of resistance
 q - 10 potions of curing
 r - 3 potions of degeneration
 w - 3 potions of magic
 z - 4 potions of heal wounds
 C - a potion of invisibility
 F - a potion of haste
 I - a potion of cancellation {unknown}
 J - 2 potions of brilliance
 K - a potion of flight
 N - a potion of mutation {unknown}


   Skills:
 - Level 6.0 Dodging
 - Level 2.4 Stealth
 - Level 8.9 Spellcasting
 - Level 8.3 Conjurations
 - Level 5.9 Hexes
 - Level 7.6 Translocations
 + Level 16.6 Ice Magic
 - Level 9.7 Invocations


You had one spell level left.
You knew the following spells:

 Your Spells              Type           Power      Damage    Failure   Level
a - Magic Dart            Conj           100%       1d8       1%          1
b - Searing Ray           Conj           100%       3d7       1%          2
c - Fulminant Prism       Conj/Hex       36%        3d18      1%          4
d - Iskenderun's Mystic   Conj/Tloc      76%        2d15      1%          4
e - Ozocubu's Armour      Ice            86%        N/A       0%          3
f - Passage of Golubria   Tloc           N/A        N/A       1%          4
g - Ozocubu's Refrigerat  Ice            43%        4d13      3%          7
h - Tukima's Dance        Hex            50%        N/A       1%          3

Your spell library contained the following spells:

 Spells                   Type           Power      Damage    Failure   Level
 Animate Skeleton         Necr           26%        N/A       3%          1
 Pain                     Necr           52%        1d6       3%          1
 Conjure Flame            Conj/Fire      56%        6-21      1%          3
 Dazzling Flash           Conj/Hex       100%       N/A       1%          3
 Stone Arrow              Conj/Erth      100%       3d13      1%          3
 Cause Fear               Hex            25%        N/A       3%          4
 Sticky Flame             Conj/Fire      56%        2d7       7%          4
 Ignite Poison            Fire/Tmut/Pois 13%        N/A       11%         3
 Vampiric Draining        Necr           6%         2d6       11%         3
 Yara's Violent Unravell  Hex/Tmut       16%        3d8       30%         5
 Bolt of Magma            Conj/Fire/Erth 23%        4d11      32%         5
 Olgreb's Toxic Radiance  Pois           13%        N/A       36%         4
 Dragon Form              Tmut           6%         N/A       100%        7
 Ignition                 Fire           6%         3d4       100%        8
 Dragon's Call            Summ           6%         N/A       100%        9
 Shatter                  Erth           6%         3d9*      100%        9


Dungeon Overview and Level Annotations

Branches:
Dungeon (9/15)             Temple (1/1) D:4            Lair (5/6) D:8
  Swamp (0/4) Lair:3       Spider (0/4) Lair:2       Bailey (visited)
  Slime: Lair:5-6       Orc: D:9-12

Altars:
Ashenzari
Cheibriados
Dithmenos
Elyvilon
Fedhas
Gozag
Hepliaklqana
Kikubaaqudgha
Makhleb
Nemelex Xobeh
Okawaru
Qazlal
Ru
Sif Muna
Trog
Uskayaw
Vehumet
Wu Jian
Xom
Yredelemnul
Zin
Lugonu

Shops:
D:7 *=![

Annotations:
Lair:2 3 runed translucent doors, sleevener's ghost, journeyman PaAK


Message History

The bullfrog barely misses you. The bullfrog completely misses you.
The bullfrog barely misses you.
The bullfrog hits you but does no damage.
The bullfrog closely misses you.
A seven-headed hydra comes into view.
The bullfrog closely misses you. The bullfrog barely misses you.
The bullfrog hits you. The bullfrog hits you.
The seven-headed hydra bites you but does no damage.
The seven-headed hydra bites you.
The seven-headed hydra barely misses you.
The seven-headed hydra misses you. The seven-headed hydra bites you.
The seven-headed hydra barely misses you.
The seven-headed hydra bites you but does no damage.
The bullfrog hits you but does no damage.
The bullfrog barely misses you. The bullfrog barely misses you.
Unknown command.
The bullfrog hits you but does no damage.
The bullfrog barely misses you.
There is a stone staircase leading up here.
The bullfrog barely misses you. The bullfrog closely misses you.
The bullfrog misses you. The seven-headed hydra bites you.
The seven-headed hydra closely misses you.
The seven-headed hydra bites you. The seven-headed hydra bites you!
The seven-headed hydra bites you. The seven-headed hydra misses you.
The seven-headed hydra bites you but does no damage.
You climb upwards.
There is a stone staircase leading down here.
The bullfrog closely misses you. The seven-headed hydra misses you.
The seven-headed hydra barely misses you.
The seven-headed hydra bites you!
* * * LOW HITPOINT WARNING * * *
The seven-headed hydra bites you.
* * * LOW HITPOINT WARNING * * *
The seven-headed hydra bites you!
* * * LOW HITPOINT WARNING * * *
The seven-headed hydra bites you but does no damage.
The seven-headed hydra bites you!
You die...

................# #.......###....
...............## ###....## ##...
.##.............# #....# #....
.#..............## #########....
##...............# #.#......
##...............# #........
.##..............## ###........
####.............D## #..........
.##.#...........@>.####..........
..####...........F..##...........
..## ##...........#..............
...## #...........##.............
....# ##.####....####............
....## #########.# #............
.....# ##.# ### #............
....P# ##.####### #............
...#####......#.# ##...........


You could see a seven-headed hydra and a bullfrog.

Vanquished Creatures
  Snorg (Lair:3)
  5 hydras
  A catoblepas (Lair:2)
  5 death yaks (Lair:4)
  Urug (Lair:1)
  Nergalle (Lair:3)
  2 oklob plants (Lair:1)
  9 elephants (Lair:2)
  A gargoyle (D:8)
  3 rime drakes
  4 cane toads
  A kobold demonologist (D:9)
  7 komodo dragons
  2 ice devils (Lair:1)
  2 trolls
  2 tyrant leeches (Lair:3)
  A polar bear (Lair:2)
  Grinder (D:4)
  3 redbacks (Lair:2)
  3 wyverns
  14 yaks
  4 basilisks
  2 steam dragons
  Edmund (D:6)
  2 swamp worms (Lair:3)
  10 water moccasins
  7 orc warriors
  An ice beast (D:8)
  A sky beast (D:5)
  5 black bears
  A necrophage (D:5)
  An ogre (D:6)
  12 wolves
  2 centaurs
  A phantom (D:6)
  10 bullfrogs
  A kobold brigand (D:6)
  A wyvern zombie (D:5)
  4 water moccasin zombies (D:5)
  A wyvern skeleton (D:7)
  A water moccasin skeleton (D:5)
  7 killer bees
  5 centaur zombies
  A jelly (D:8)
  Crazy Yiuf (D:2)
  3 bullfrog zombies
  4 hounds
  A bullfrog skeleton (D:5)
  7 orc priests
  A centaur skeleton (D:7)
  2 gnoll shamans (D:7)
  3 iguanas
  8 orc wizards
  A killer bee zombie (D:7)
  A hound zombie (D:5)
  A howler monkey zombie (D:5)
  11 gnolls
  A howler monkey skeleton (D:5)
  8 adders
  2 shadow imps
  2 white imps (D:6)
  2 ufetubi
  3 dart slugs
  36 orcs
  7 endoplasms
  A giant cockroach (D:4)
  12 goblins
  7 hobgoblins
  11 jackals
  13 kobolds
  6 quokkas
  8 ball pythons
  6 bats
  5 frilled lizards
  A quokka skeleton (D:4)
  6 rats
331 creatures vanquished.

Vanquished Creatures (others)
  88 fulminant prisms
  65 fungi
  65 plants
  A withered plant (D:5)
219 creatures vanquished.

Grand Total: 550 creatures vanquished

Notes
Turn   | Place    | Note
-------+----------+-------------------------------------------
     0 | D:1      | bnorton916 the Deep Elf Conjurer began the quest for the
                  | Orb.
     0 | D:1      | Reached XP level 1. HP: 10/10 MP: 6/6
   390 | D:1      | Reached XP level 2. HP: 14/15 MP: 4/8
   427 | D:1      | Learned a level 2 spell: Searing Ray
   736 | D:1      | Found a faded altar of an unknown god.
   966 | D:1      | Reached skill level 5 in Conjurations
   966 | D:1      | Reached XP level 3. HP: 19/19 MP: 3/10
  1705 | D:2      | Found a shadowy altar of Dithmenos.
  1991 | D:2      | Reached XP level 4. HP: 24/24 MP: 9/12
  2183 | D:2      | Reached skill level 5 in Spellcasting
  2295 | D:2      | Learned a level 4 spell: Fulminant Prism
  2300 | D:2      | Learned a level 4 spell: Iskenderun's Mystic Blast
  2445 | D:2      | Found a runed translucent door.
  2446 | D:2      | Noticed Crazy Yiuf
  2455 | D:2      | Killed Crazy Yiuf
  2456 | D:2      | Reached XP level 5. HP: 8/28 MP: 5/15
  3365 | D:3      | Found a white marble altar of Elyvilon.
  3903 | D:4      | Found a staircase to the Ecumenical Temple.
  3908 | D:4      | Noticed Grinder
  3916 | D:4      | Reached XP level 6. HP: 32/32 MP: 10/17
  3925 | D:4      | Killed Grinder
  3936 | Temple   | Entered the Ecumenical Temple
  4153 | Temple   | Became a worshipper of Sif Muna the Loreminder
  4560 | D:5      | Entered Level 5 of the Dungeon
  4561 | D:5      | Noticed a water moccasin
  4568 | D:5      | Killed a water moccasin
  4569 | D:5      | Reached XP level 7. HP: 31/36 MP: 7/20
  5349 | D:5      | Reached skill level 1 in Hexes
  5349 | D:5      | Reached skill level 1 in Translocations
  5349 | D:5      | Reached XP level 8. HP: 16/41 MP: 8/22
  6199 | D:5      | Learned a level 3 spell: Ozocubu's Armour
  6224 | D:5      | Found a radiant altar of Vehumet.
  6450 | D:5      | Reached skill level 1 in Ice Magic
  7359 | D:6      | Reached skill level 2 in Ice Magic
  7398 | D:6      | Found an ancient bone altar of Kikubaaqudgha.
  7431 | D:6      | Reached skill level 5 in Hexes
  7438 | D:6      | Reached skill level 3 in Ice Magic
  7687 | D:6      | Noticed Edmund
  7704 | D:6      | Killed Edmund
  7704 | D:6      | Reached * piety under Sif Muna
  7705 | D:6      | Reached XP level 9. HP: 45/45 MP: 5/23
  8255 | D:7      | Reached skill level 4 in Ice Magic
  8255 | D:7      | Reached skill level 1 in Invocations
  8259 | D:7      | Found Dooli's Assorted Antiques.
  8261 | D:7      | Found Otsehin's Jewellery Boutique.
  8599 | D:7      | Found Magef's Armour Shoppe.
  8612 | D:7      | Bought a +0 pair of gloves for 58 gold pieces
  8634 | D:7      | Found Qajudul's Distillery.
  8643 | D:7      | Bought a potion of curing for 42 gold pieces
  8643 | D:7      | Bought a potion of curing for 42 gold pieces
  8643 | D:7      | Bought a potion of curing for 42 gold pieces
  8662 | D:7      | Found a flagged portal.
  8671 | Bailey   | Entered a bailey
  8736 | Bailey   | Reached skill level 5 in Ice Magic
  9588 | D:7      | Reached skill level 6 in Ice Magic
 10021 | D:8      | Learned a level 4 spell: Passage of Golubria
 10078 | D:8      | Noticed a gargoyle
 10098 | D:8      | Killed a gargoyle
 10099 | D:8      | Reached skill level 5 in Invocations
 10522 | D:8      | Reached skill level 7 in Ice Magic
 10559 | D:8      | Reached ** piety under Sif Muna
 10847 | D:8      | Reached XP level 10. HP: 50/50 MP: 17/24
 11021 | D:8      | Found a staircase to the Lair.
 11072 | D:8      | Reached skill level 8 in Ice Magic
 12326 | Lair:1   | Entered Level 1 of the Lair of Beasts
 12326 | Lair:1   | Found an ancient bone altar of Kikubaaqudgha.
 12645 | D:8      | Reached skill level 9 in Ice Magic
 13126 | Lair:1   | Noticed Urug
 13141 | Lair:1   | Killed Urug
 13142 | Lair:1   | Reached skill level 10 in Ice Magic
 13290 | Lair:1   | Noticed an oklob plant
 13292 | Lair:1   | Noticed an oklob plant
 13303 | Lair:1   | Killed an oklob plant
 13398 | Lair:1   | Noticed a cane toad
 13417 | Lair:1   | Killed a cane toad
 13418 | Lair:1   | Reached XP level 11. HP: 48/54 MP: 14/25
 14003 | Lair:1   | Killed an oklob plant
 14004 | Lair:1   | Reached skill level 5 in Translocations
 15575 | Lair:1   | Reached skill level 11 in Ice Magic
 16213 | Lair:2   | Noticed a catoblepas
 16308 | Lair:2   | You fall into a shaft and drop 2 floors!
 16793 | Lair:2   | Found a hole to the Spider Nest.
 17331 | Lair:2   | Killed a catoblepas
 17332 | Lair:2   | Reached skill level 12 in Ice Magic
 17559 | Lair:2   | Found a runed translucent gate.
 17559 | Lair:2   | Found a runed translucent gate.
 17559 | Lair:2   | Found a runed translucent gate.
 17835 | Lair:2   | Noticed sleevener's ghost (journeyman PaAK)
 18253 | Lair:2   | Reached skill level 5 in Dodging
 18315 | Lair:2   | Reached XP level 12. HP: 14/59 MP: 7/26
 19438 | D:9      | Reached skill level 13 in Ice Magic
 19444 | D:9      | Reached *** piety under Sif Muna
 20124 | D:9      | Found a burning altar of Makhleb.
 20496 | D:9      | Found a sparkling altar of Nemelex Xobeh.
 20496 | D:9      | Found a shimmering altar of Xom.
 20496 | D:9      | Found an opulent altar of Gozag.
 20496 | D:9      | Found a hide-covered altar of Uskayaw.
 20798 | D:9      | Found a shadowy altar of Dithmenos.
 20801 | D:9      | Found an iron altar of Okawaru.
 21029 | D:7      | Bought the ring "Ymic Met" {rCorr Int+3 SInv} for 474 gold
                  | pieces
 21382 | Lair:3   | Learned a level 7 spell: Ozocubu's Refrigeration
 21386 | Lair:3   | Learned a level 3 spell: Tukima's Dance
 21404 | Lair:3   | HP: 2/59 [spore (33)]
 21752 | Lair:3   | Noticed Snorg
 21766 | Lair:3   | Killed Snorg
 21767 | Lair:3   | Reached skill level 14 in Ice Magic
 22132 | Lair:3   | Noticed a seven-headed hydra
 22152 | Lair:3   | Killed a seven-headed hydra
 22152 | Lair:3   | Noticed Nergalle
 22181 | Lair:3   | Killed Nergalle
 22428 | Lair:3   | Noticed a seven-headed hydra
 22442 | Lair:3   | Killed a seven-headed hydra
 22816 | Lair:3   | Reached skill level 15 in Ice Magic
 23116 | Lair:3   | Found a staircase to the Swamp.
 23642 | Lair:4   | Noticed a seven-headed hydra
 23657 | Lair:4   | Killed a seven-headed hydra
 23913 | Lair:4   | Noticed a death yak
 23914 | Lair:4   | Noticed a death yak
 23930 | Lair:4   | Noticed a death yak
 23939 | Lair:4   | Killed a death yak
 24046 | Lair:3   | Noticed a five-headed hydra
 24057 | Lair:3   | Killed a five-headed hydra
 24418 | Lair:4   | Killed a death yak
 24419 | Lair:4   | Reached skill level 16 in Ice Magic
 24419 | Lair:4   | Reached XP level 13. HP: 63/63 MP: 18/27
 25988 | Lair:4   | Mangled by a seven-headed hydra

Illustrated notes

Levels and vault maps discovered:
D:1:      dpeg_arrival_pond, layout_loops_ring, ebering_ecumenical_altar_hall
D:2:      layout_loops_cross, basic_altar, uniq_crazy_yiuf_cottage
D:3:      layout_rooms, elyvilon_altar_5, minmay_misc_feat_diagonals
D:4:      layout_loops_ring, temple_fountains, glass_columns_b,
          hangedman_decor_slide_cut, uniq_grinder
D:5:      layout_layer_cave, mainiacjoe_overflow_six_doors_small, serial_undead,
          serial_undead_d, serial_undead_e, serial_undead_d, serial_undead_d,
          serial_undead_d, serial_undead_c
D:6:      layout_cave_pools, mainiacjoe_overflow_tiny_flanked, uniq_edmund
D:7:      layout_basic, serial_shops, nicolae_stop_n_shop_2, shop, shop,
          nicolae_shop_crystal, enter_bailey_5
D:8:      layout_loops_cross, david_lair_generic, minmay_splitting_lines
D:9:      layout_layer_cave, bloody_makhleb, minmay_overflow_temple_hex,
          evilmike_butchery
Temple:   kb_corrupted_temple
Lair:1:   layout_misc_corridors, basic_altar, portal_ice_cave_demonic_guard,
          chequers_serial_rivers_large_b, serial_bayou_shore_a,
          minmay_lair_oklob_chamber, uniq_urug
Lair:2:   layout_roguey, spider_nest_entry_webs, gammafunk_ghost_necromancy,
          serial_bayou_pond_c
Lair:3:   layout_hall_layers, palyth_hydra_swamp_entry,
          small_statue_intersection, beast_lair_carwin_2, uniq_snorg,
          uniq_nergalle
Lair:4:   layout_cave_pods, minmay_stone_trees_small
Lair:5:   lemuel_slime, layout_concentric_octagons, slime_dummy

Skill      XL: |  1  2  3  4  5  6  7  8  9 10 11 12 |
---------------+-------------------------------------+-----
Spellcasting   | 4 5 6 7 8 |  8.9
Conjurations   | 5 6 7 8 |  8.3
Hexes          | 1 5 |  5.9
Translocations | 1 4 7 |  7.6
Ice Magic      | 3 7 10 12 16 | 16.6
Invocations    | 6 9 |  9.7
Dodging        | 5 6 |  6.0
Stealth        | |  2.4

Action                   |  1- 3 |  4- 6 |  7- 9 | 10-12 | 13-15 || total
-------------------------+-------+-------+-------+-------+-------++-------
Melee: Staff             |       |     3 |       |     4 |       ||     7
 Cast: Magic Dart        |    78 |    80 |   113 |   100 |    14 ||   385
       Searing Ray       |     3 |     6 |    50 |    91 |     9 ||   159
       Fulminant Prism   |       |     3 |    13 |    64 |     8 ||    88
       Iskenderun's Myst |       |       |    12 |    53 |    10 ||    75
       Passage of Golubr |       |       |       |     3 |       ||     3
       Ozocubu's Armour  |       |       |       |     1 |       ||     1
Evoke: Wand              |       |       |       |     3 |     3 ||     6
  Use: Scroll            |       |       |    14 |    10 |       ||    24
       Potion            |       |       |     4 |     1 |       ||     5
Armor: Robe              |     1 |     6 |    33 |    30 |       ||    70
       Skin              |       |     2 |       |       |       ||     2
       Steam dragon scal |       |       |       |    33 |    15 ||    48
Dodge: Dodged            |     2 |     9 |    41 |   122 |    38 ||   212
